 Dungeon Crawl Stone Soup version 0.27.0-1-g7a089689b8 (webtiles) character file.

Game seed: 11187908535508140663

32 Sobieck the Ruffian (level 3, 0/31 HPs)
             Began as a Ghoul Monk on Aug 3, 2021.
             Was a Priest of Jiyva.
             Slain by an orc wizard (3 damage)
             ... on level 3 of the Dungeon.
             The game lasted 00:02:38 (1892 turns).

Sobieck the Ruffian (Ghoul Monk)                    Turns: 1892, Time: 00:02:39

Health: 0/31       AC:  2    Str: 15    XL:     3   Next: 25%
Magic:  2/2        EV: 12    Int:  6    God:    Jiyva [***...]
Gold:   54         SH:  0    Dex: 10    Spells: 2/2 levels left

rFire    . . .     SeeInvis .     - Unarmed
rCold    + . .     Faith    .   (no shield)
rNeg     + + +     Spirit   .   a - +0 robe
rPois    ∞         Reflect  .   (no helmet)
rElec    .         Harm     .   (no cloak)
rCorr    +         Rampage  .   (no gloves)
Will     .....                  (no boots)
Stlth    ++........             (no amulet)
HPRegen  0.00/turn              (no ring)
MPRegen  0.08/turn              (no ring)

@: inhibited regen
A: claws 1, cold resistance 1, negative energy resistance 3, inhibited
regeneration, torment resistance 2
a: Renounce Religion, Request Jelly


You were on level 3 of the Dungeon.
You worshipped Jiyva.
Jiyva was most pleased with you.
You visited 1 branch of the dungeon, and saw 3 of its levels.

You collected 54 gold pieces.


Innate Abilities, Weirdness & Mutations

You thrive by killing the living.
You are immune to poison.
You have sharp fingernails.
Your flesh is cold resistant. (rC+)
You are immune to negative energy. (rN+++)
You do not regenerate when monsters are visible.
You are immune to unholy pain and torment.


   Skills:
 - Level 3.2 Fighting
 - Level 2.6 Dodging
 - Level 2.1 Stealth
 * Level 4.7 Unarmed Combat


You had 2 spell levels left.
You didn't know any spells.
Your spell library contained the following spells:

 Spells                   Type           Power      Damage    Failure   Level
 Foxfire                  Conj/Fire      0%         2x1d4     45%         1
 Conjure Flame            Conj/Fire      0%         6-21      83%         3
 Inner Flame              Hex/Fire       0%         N/A       83%         3

Inventory:

Missiles
 c - 2 throwing nets (quivered) {=f!fthrowing}
 e - 10 javelins {throwing}
 f - 25 stones {throwing}
Armour
 a - a +0 robe (worn)
Scrolls
 b - 2 scrolls of identify {unknown}
 d - a scroll of teleportation {unknown}
 g - a scroll of summoning {unknown}

Dungeon Overview and Level Annotations

Branches:
Dungeon (3/15)

Altars:
Jiyva

...##.# ...##
... ###. ... #
....# .... ####
#### ... #.####
#>{@.# ####.#
.######.####
...........##
............#
.#.########.###
# #....#
#.#####<...#
#..........#


There were no monsters in sight!


Message History

The kobold splashes around in the water.
The ball python barely misses you. The ball python misses you.
You scratch the kobold.
You kill the kobold!
You feel better.
You hear a splash. x2
The ball python bites you. The ball python grabs you.
The ball python constricts you.
You scratch the ball python.
You kill the ball python!
No target in view!
You enter the shallow water.
Moving in this stuff is going to be slow.
You pick up a book of Flames and begin reading...
You add the spells Foxfire, Conjure Flame and Inner Flame to your library.
You scratch the plant.
The plant begins to die.
You scratch the plant.
The plant begins to die.
You enter the shallow water.
Moving in this stuff is going to be slow.
A nearby plant withers and dies.
A nearby plant withers and dies.
You enter the shallow water.
Moving in this stuff is going to be slow.
You hear a distant slurping noise.
Jiyva appreciates your sacrifice.
f - 25 stones {throwing} (gained 4)
You see here a +0 short sword {short}.
You hear a distant slurping noise.
You enter the shallow water.
Moving in this stuff is going to be slow.
You enter the shallow water.
Moving in this stuff is going to be slow.
You hear a distant slurping noise.
Jiyva appreciates your sacrifice.
You hear a distant slurping noise.
Jiyva appreciates your sacrifice.
You hear a distant slurping noise.
Jiyva appreciates your sacrifice.
You swap places.
You swap places.
There is a stone staircase leading up here.
Jiyva gurgles merrily.
Jiyva's power touches on your attributes.
You feel agile.
You feel stupid.
Unknown command.
Done exploring.
Jiyva gurgles merrily.
You swap places.
You hear a distant slurping noise.
Jiyva appreciates your sacrifice.
You hear a distant slurping noise.
Jiyva appreciates your sacrifice.
There is a stone staircase leading down here.
You climb downwards.
You hear a distant slurping noise.
There is a stone staircase leading up here.
You hear a distant slurping noise.
An orc comes into view. It is wielding a +1 mace of protection.
Found a stone staircase leading down.
Danger!
The orc shouts!
The orc hits you with a +1 mace of protection.
You closely miss the orc.
An orc comes into view. It is wielding a +0 dagger.
The orc hits you with a +1 mace of protection.
You are too injured to fight recklessly!
You are too injured to fight recklessly!
Unknown command.
The orc shouts!
You hear a shout!
You scratch the orc.
An orc wizard comes into view. It is wielding a +0 dagger.
The orc hits you with a +1 mace of protection.
You claw the orc!
You kill the orc!
You feel better.
You scratch the orc. The orc closely misses you.
You claw the orc!
You kill the orc!
You closely miss the orc wizard.
The orc wizard gestures at you while chanting.
You resist with significant effort.
You closely miss the orc wizard.
The orc wizard hits you with a +0 dagger.
You closely miss the orc wizard. You closely miss the orc wizard.
The orc wizard casts a spell at you. The puff of flame hits you!
* * * LOW HITPOINT WARNING * * *
You barely miss the orc wizard.
The orc wizard hits you with a +0 dagger.
* * * LOW HITPOINT WARNING * * *
Unknown command.
You closely miss the orc wizard.
The orc wizard mumbles some strange words.
The orc wizard flickers and vanishes!
Deactivating autopickup; reactivate with Ctrl-A.
You miss something. Something hits you.
You die...

Skill      XL: |  1  2 |
---------------+-------+-----
Unarmed Combat | 4 |  4.7
Fighting       | |  3.2
Dodging        | |  2.6
Stealth        | |  2.1

Action                   || total
-------------------------++-------
Melee: Unarmed           ||    58
 Stab: Sleeping          ||     4
Armor: Robe              ||     7
Dodge: Dodged            ||    20

Levels and vault maps discovered:
D:1:      dpeg_arrival_refuge, layout_loops_ring,
          shapermc_ecumenical_altar_totnotflames
D:2:      minmay_angry_zag, layout_rooms, serial_bayou_crossing
D:3:      layout_rooms, serial_shops, nicolae_shop_waterfront,
          chequers_serial_rivers_small_b, minmay_joined_circles

Notes
Turn   | Place    | Note
-------+----------+-------------------------------------------
     0 | D:1      | Sobieck the Ghoul Monk began the quest for the Orb.
     0 | D:1      | Reached XP level 1. HP: 19/19 MP: 0/0
   182 | D:1      | Reached XP level 2. HP: 24/26 MP: 1/1
   206 | D:1      | Found a faded altar of an unknown god.
   217 | D:1      | Reached skill level 4 in Unarmed Combat
   221 | D:1      | Became a worshipper of Jiyva Jaecoxta the Shapeless
   221 | D:1      | Reached * piety under Jiyva
   221 | D:1      | Reached ** piety under Jiyva
   273 | D:1      | Reached *** piety under Jiyva
  1037 | D:2      | Noticed an ogre
  1042 | D:2      | HP: 2/26 [ogre (24)]
  1388 | D:2      | Reached XP level 3. HP: 31/31 MP: 2/2
  1539 | D:2      | You pick up a book of Flames and begin reading...
  1539 | D:2      | You add the spells Foxfire, Conjure Flame and Inner Flame
                  | to your library.
  1567 | D:2      | Killed an ogre
  1889 | D:3      | HP: 6/31 [orc wizard/puff of flame (11)]
  1892 | D:3      | Slain by an orc wizard

Vanquished Creatures
  5 dart slugs
  2 orcs (D:3)
  An endoplasm (D:1)
  3 goblins (D:1)
  A hobgoblin (D:2)
  7 ball pythons
  A bat (D:1)
  A frilled lizard (D:2)
  A kobold (D:2)
  A rat (D:1)
23 creatures vanquished.

Vanquished Creatures (others)
  An ogre (D:2)
  A jelly (D:2)
  2 adders (D:2)
  4 dart slugs
  A ball python (D:1)
  2 bats
  2 endoplasms
  A giant cockroach (D:2)
  3 hobgoblins
  2 quokkas
  2 kobolds (D:2)
  A rat (D:2)
  3 plants (D:2)
25 creatures vanquished.

Grand Total: 48 creatures vanquished

Table legend:
 A = Non-vault XP
 B = Vault XP
 C = Vault XP percentage of total XP
 D = Non-vault monster count
 E = Vault monster count
 F = Vault count percentage of total count
                 A         B        C        D         E       F
            +---------+---------+-------+---------+---------+-------
      Total |      46 |       0 |   0.0 |      23 |       0 |   0.0
            +---------+---------+-------+---------+---------+-------
        D:1 |      28 |       0 |   0.0 |      14 |       0 |   0.0
        D:2 |      12 |       0 |   0.0 |       7 |       0 |   0.0
        D:3 |       6 |       0 |   0.0 |       2 |       0 |   0.0
            +---------+---------+-------+---------+---------+-------

Illustrated notes

Table legend:
 A = Kills in this place as a percentage of kills in entire the game.
 B = Kills by you in this place as a percentage of kills by you in the entire game.
 C = Kills by friends in this place as a percentage of kills by friends in the entire game.
 D = Other kills in this place as a percentage of other kills in the entire game.
 E = Experience gained in this place as a percentage of experience gained in the entire game.
 F = Experience gained in this place divided by the number of levels of this place that you have seen.
                   A       B       C       D       E      F
               +-------+-------+-------+-------+-------+----------------------
         Total | 100.0 | 100.0 |   N/A |   N/A | 100.0 |  15.3
       Dungeon | 100.0 | 100.0 |   N/A |   N/A | 100.0 |  15.3
               +-------+-------+-------+-------+-------+----------------------

Table legend: (Time is in decaauts)
 A = Elapsed time spent in this place.
 B = Non-inter-level travel time spent in this place.
 C = Inter-level travel time spent in this place.
 D = Time resting spent in this place.
 E = Time spent auto-exploring this place.
 F = Levels seen in this place.
 G = Mean time per level.
                   A        B        C        D        E       F      G
               +--------+--------+--------+--------+--------+-----+--------+
         Total |   1904 |   1741 |    163 |    285 |   1170 |   3 |  634.7 |
       Dungeon |   1904 |   1741 |    163 |    285 |   1170 |   3 |  634.7 |
               +--------+--------+--------+--------+--------+-----+--------+

Top non-repeatable levels by time:
     D:1: 1227 daAuts
     D:2: 647 daAuts
     D:3: 28 daAuts
